Map: Eternal Empire LE

Players

ExpecT - Winner!

  • Race: Terran Terran
  • Spawn Location: 7:00

Sen

  • Race: Zerg Zerg
  • League: Grandmaster
  • Spawn Location: 1:00

Event: DreamHack SC2 Masters 2020 Summer TwHkMoJp

VOD

Have the link to the VOD?

Description

Time

  • Played on: June 25, 2020, 7:55 a.m.
  • Length: 10:16

All games in this series

Show
View Real Time Build Order
Export as new Build Order

ExpecT Terran - Winner!

Build Orders: Hellion Opening, Reaper Expand 

Get SALT Encoding   

  12  0:00  SCV  
  13  0:13  SCV  
  14  0:17  Supply Depot  
  14  0:25  SCV  
  15  0:39  SCV  
  15  0:40  Barracks  
  16  0:44  Refinery  
  16  0:51  SCV  
  17  1:03  SCV  
  18  1:15  SCV  
  19  1:27  Reaper  
  19  1:28  Orbital Command  
  20  1:41  Command Center  
  20  1:53  Supply Depot  
  20  1:54  SCV  
  21  2:06  Factory  
  21  2:07  Marine  
  22  2:10  SCV  
  23  2:16  Refinery  
  23  2:22  SCV  
  24  2:25  Barracks Reactor  
  24  2:34  SCV  
  25  2:47  SCV  
  26  2:51  Starport  
  26  2:54  Orbital Command  
  26  2:59  SCV  
  27  3:07  Hellion x2  
  27  3:11  SCV  
  32  3:19  Supply Depot  
  32  3:20  SCV  
  32  3:23  SCV, Barracks Tech Lab  
  34  3:27  Viking  
  34  3:34  Hellion x2  
  40  3:35  SCV x2  
  42  3:42  Supply Depot  
  42  3:47  SCV  
  42  3:48  SCV  
  44  3:55  Hellion x2  
  48  3:57  Medivac  
  48  4:01  Armory  
  48  4:02  SCV x2  
  52  4:15  Supply Depot  
  52  4:16  Hellion  
  52  4:17  Hellion  
  56  4:22  SCV  
  56  4:23  SCV  
  58  4:27  Liberator  
  61  4:39  SCV x2  
  61  4:40  Command Center  
  61  4:42  Stimpack  
  63  4:48  Marine  
  63  4:51  Factory Tech Lab  
  64  4:59  Barracks x2  
  64  5:05  SCV x2  
  66  5:17  SCV x2  
  66  5:33  Engineering Bay  
  66  5:34  Engineering Bay  
  66  5:35  Barracks  
  62  5:36  Barracks  
  62  5:42  SCV x2  
  59  5:44  Starport Reactor, Marine  
  59  5:45  Siege Tank  
  58  5:54  SCV x2, Orbital Command  
  52  5:57  Refinery  
  52  5:58  Refinery  
  52  6:00  Marine x2  
  52  6:01  Terran Infantry Weapons Level 1  
  52  6:02  Marine, Terran Infantry Armor Level 1  
  55  6:06  SCV x2, Barracks Reactor  
  57  6:19  Marine x3, Siege Tank  
  57  6:20  Orbital Command  
  57  6:22  SCV  
  57  6:23  SCV  
  65  6:26  Barracks Reactor  
  66  6:33  Barracks Reactor  
  66  6:34  SCV  
  66  6:35  SCV  
  66  6:36  Supply Depot  
  66  6:37  Marine x2  
  66  6:38  Supply Depot, Marine  
  66  6:39  Supply Depot  
  70  6:45  SCV  
  70  6:47  SCV x2  
  73  6:48  Marine x2  
  73  6:51  Medivac x2, Barracks  
  73  6:52  Barracks  
  73  6:53  Barracks  
  79  6:55  Marine x2  
  79  6:56  Marine  
  79  7:00  Combat Shield  
  79  7:01  Supply Depot  
  82  7:03  SCV x3  
  82  7:07  Marine x4  
  89  7:10  Supply Depot, Siege Tank  
  89  7:13  Marine  
  89  7:15  SCV x3  
  96  7:17  Marine x4  
  100  7:24  Refinery  
  100  7:27  SCV x3  
  103  7:32  Supply Depot  
  103  7:33  Supply Depot  
  103  7:35  Marine x4  
  103  7:36  Marine  
  107  7:41  Medivac x2  
  107  7:43  Barracks Reactor, Barracks Tech Lab x2  
  111  7:47  Marine x2  
  111  7:48  Marine x2  
  115  7:53  Marine  
  115  7:54  Siege Tank  
  115  7:57  Marine x2  
  115  7:58  Marine  
  121  8:07  Supply Depot x2, Marine x2  
  121  8:09  Supply Depot, Marine x2  
  121  8:10  Marine x3  
  121  8:11  Marine  
  129  8:15  Marine x3  
  132  8:27  Marine  
  132  8:28  Marine  
  132  8:30  Marauder, Marine x2, Siege Tank  
  132  8:34  Supply Depot  
  141  8:36  Supply Depot  
  141  8:40  Marine  
  142  8:46  Marine x4  
  142  8:47  Marauder x2  
  150  8:52  SCV x3  
  153  8:55  Marine  
  153  8:56  Marauder, Marine x2  
  158  9:04  Missile Turret  
  158  9:06  Missile Turret x2  
  158  9:11  Marine x3  
  158  9:12  Marauder x2  
  149  9:41  Supply Depot x2, Marine  
  149  9:42  Marine  
  149  9:43  Marauder x3, Marine x4  
  139  9:47  Marine x4  
Show
View Real Time Build Order
Export as new Build Order

Sen Zerg 

Build Orders: Hatch First, Muta Ling Bane 

Get SALT Encoding   

  12  0:00  Drone  
  13  0:12  Overlord  
  13  0:16  Drone  
  14  0:30  Drone x2  
  16  0:48  Hatchery  
  15  0:51  Drone  
  15  0:55  Drone  
  17  0:58  Drone  
  18  1:09  Extractor  
  17  1:14  Spawning Pool  
  17  1:17  Drone  
  17  1:20  Drone  
  18  1:28  Drone  
  19  1:39  Drone  
  20  1:46  Hatchery  
  19  1:51  Drone  
  20  2:00  Queen  
  22  2:07  Queen  
  24  2:11  Zergling x2  
  24  2:13  Zergling x2  
  26  2:17  Drone  
  26  2:22  Overlord  
  27  2:28  Drone  
  28  2:32  Spore Crawler  
  28  2:35  Metabolic Boost  
  27  2:42  Drone x3  
  31  2:48  Queen  
  33  2:53  Overlord  
  33  2:57  Drone  
  34  2:59  Drone  
  34  3:05  Queen  
  35  3:09  Drone  
  35  3:10  Drone  
  35  3:12  Drone  
  40  3:15  Drone  
  40  3:16  Drone  
  42  3:21  Drone x2  
  42  3:23  Zergling x2  
  42  3:24  Zergling x2  
  46  3:28  Drone  
  46  3:29  Drone  
  48  3:36  Overlord  
  48  3:38  Drone  
  48  3:39  Drone  
  50  3:44  Overlord  
  50  3:56  Drone x4  
  50  3:57  Drone  
  50  3:58  Drone x3  
  50  4:01  Extractor  
  50  4:02  Queen, Drone  
  58  4:08  Overlord  
  58  4:09  Overlord  
  60  4:15  Overlord  
  60  4:17  Spore Crawler  
  59  4:24  Overlord  
  59  4:28  Spore Crawler  
  57  4:31  Drone  
  57  4:32  Drone x2  
  57  4:33  Drone x4  
  57  4:34  Baneling Nest  
  57  4:35  Drone  
  64  4:40  Drone x4  
  68  4:47  Drone x6  
  74  4:55  Extractor  
  74  4:56  Evolution Chamber  
  74  4:58  Zergling x4, Evolution Chamber  
  74  4:59  Zergling x2  
  74  5:01  Zergling x6  
  74  5:06  Spore Crawler  
  76  5:19  Zergling x20  
  85  5:26  Zergling x4  
  78  5:33  Zergling x6  
  77  5:39  Drone x2  
  77  5:42  Drone  
  73  5:51  Drone x5  
  73  5:55  Zerg Ground Armor Level 1  
  73  5:56  Zerg Melee Weapons Level 1  
  73  5:57  Drone  
  75  6:05  Drone x6  
  75  6:06  Lair  
  81  6:13  Drone x2, Extractor  
  81  6:17  Overlord  
  82  6:24  Hatchery  
  81  6:29  Overlord  
  81  6:30  Drone  
  81  6:31  Drone x4  
  86  6:33  Extractor x2  
  86  6:34  Zergling x2  
  85  6:42  Zergling x2  
  85  6:43  Zergling x10  
  91  6:51  Zergling x2, Hatchery  
  91  6:52  Hatchery  
  90  7:01  Queen, Drone  
  92  7:03  Zergling x12  
  92  7:04  Centrifical Hooks  
  99  7:09  Spire  
  98  7:16  Zergling x2  
  98  7:17  Zergling x12  
  98  7:19  Overlord x2  
  105  7:26  Baneling  
  105  7:27  Overlord, Baneling x2  
  105  7:35  Baneling x2  
  105  7:38  Overseer  
  105  7:41  Drone  
  104  7:49  Overlord  
  104  7:53  Baneling  
  104  8:03  Drone  
  104  8:04  Drone x2  
  104  8:05  Overlord  
  106  8:06  Unknown, Overlord  
  106  8:07  Overlord  
  106  8:08  Zergling x32  
  121  8:16  Overlord  
  121  8:18  Infestation Pit, Drone  
  121  8:21  Drone x7  
  121  8:22  Drone x3  
  130  8:31  Baneling x6  
  130  8:32  Baneling x6  
  130  8:33  Baneling  
  130  8:37  Mutalisk x5  
  130  8:41  Mutalisk x2  
  139  8:49  Zergling x8  
  139  8:50  Zergling x10  
  139  8:51  Baneling x3  
  148  8:56  Baneling x4  
  148  9:06  Zergling x16  
  154  9:16  Zergling x2  
  154  9:17  Zergling x20  
  154  9:22  Baneling x6  
  154  9:23  Baneling x6  
  147  9:33  Zergling x22  
  147  9:34  Baneling x3  
  151  9:40  Baneling  
  151  9:41  Baneling  
  122  9:46  Zergling x32  
  114  9:54  Zergling x4  
  114  9:57  Zergling x6  
Tags
 
Add a new tag
Caveats
  • Supply blocks, unpowered buildings, or Contaminate may cause inaccurate times.
  • Supply counts are checked every 10 seconds.